 Dungeon Crawl Stone Soup version 0.28.0-53-g5a82cb258f (webtiles) character file.

Game seed: 9185231748654165727

59 issech the Bolt Thrower (level 3, -2/31 HPs)
             Began as a Minotaur Hunter on May 21, 2022.
             Slain by Sigmund
             ... wielding a +0 scythe
              (4 damage)
             ... on level 2 of the Dungeon.
             The game lasted 00:04:41 (1389 turns).

issech the Bolt Thrower (Minotaur Hunter)           Turns: 1389, Time: 00:04:42

Health: -2/31      AC:  8    Str: 16    XL:     3   Next: 78%
Magic:  2/2        EV:  7    Int:  8    God:
Gold:   38         SH:  0    Dex: 12    Spells: 2/2 levels left

rFire   . . .      SeeInvis .   f - +0 hand axe
rCold   . . .      Faith    .   (no shield)
rNeg    . . .      Spirit   .   n - +0 chain mail
rPois   .          Reflect  .   (helmet restricted)
rElec   .          Harm     .   (no cloak)
rCorr   .          Rampage  .   (no gloves)
Will    .....                   (no boots)
Stlth   ..........              (no amulet)
HPRegen 0.10/turn               (no ring)
MPRegen 0.08/turn               (no ring)

@: no status effects
A: horns 2, retaliatory headbutt
a: no special abilities


You were on level 2 of the Dungeon.
You visited 1 branch of the dungeon, and saw 2 of its levels.

You collected 38 gold pieces.

Inventory:

Hand Weapons
 a - a +1 hand crossbow
 e - a +0 rapier
 f - a +0 hand axe (weapon)
Missiles
 d - 15 bolts
 g - 31 stones (quivered)
 k - 4 atropa-tipped darts
Armour
 c - a +0 leather armour
 n - a +0 chain mail (worn)
Scrolls
 b - a scroll of enchant armour {unknown}
 o - a scroll of teleportation {unknown}
 q - 2 scrolls of identify {unknown}
Potions
 j - a potion of heal wounds {unknown}


   Skills:
 + Level 3.0 Fighting
 + Level 1.4 Axes
 + Level 5.2 Crossbows
 + Level 0.7 Armour
 + Level 2.5 Dodging
 + Level 0.7 Stealth


You had 2 spell levels left.
You didn't know any spells.
Your spell library was empty.

Dungeon Overview and Level Annotations

Branches:
Dungeon (2/15)

Altars:

Annotations:
D:2 Sigmund


Innate Abilities, Weirdness & Mutations

You have a pair of horns on your head.
You reflexively headbutt those who attack you in melee.


Message History

Sigmund hits you with a +0 scythe!
You hit Sigmund but do no damage. You headbutt Sigmund!
Sigmund is heavily wounded.
Sigmund barely misses you.
You bump into the rock wall.
Sigmund closely misses you.
You bump into the rock wall.
Sigmund hits you but does no damage.
You feel less confused.
b - a scroll labelled FAJUTATIHE Sigmund hits you from afar with a +0 scythe.
Sigmund gestures at you while chanting.
You are confused.
Sigmund hits you from afar with a +0 scythe.
You bump into the rock wall.
Sigmund gestures wildly while chanting.
Sigmund flickers and vanishes!
Deactivating autopickup; reactivate with Ctrl-A.
Something hits you but does no damage.
You bump into the rock wall.
You feel less confused.
You hear some strange, mumbled words.
A magic dart appears from out of thin air!
The magic dart hits you!
You hit something but do no damage.
You hear some strange, mumbled words.
Something tries to affect you, but you resist.
You miss something. You headbutt something.
Something hits you but does no damage.
You closely miss something. Something hits you!
* * * LOW HITPOINT WARNING * * *
You barely miss something. You headbutt something. Something hits you.
* * * LOW HITPOINT WARNING * * *
You hit something. You completely miss something. You headbutt something!
Something hits you but does no damage.
You miss something.
You hear some strange, mumbled words.
Something tries to affect you, but you resist.
You miss something. You headbutt something. Something hits you.
You die...

##..†.†..## #.##.#
######### #.# ^# #.#
#.# .# #.# ##.##.# #.#
###...#.# #.# #.......#
#.####.######.#...#####
#.............##.###...
#.####@######.##...[.##
#{# #..........
#.######.#########
#...@....# ##########


There were no monsters in sight!

Vanquished Creatures
  Robin (D:2)
  An adder (D:2)
  A ball python (D:2)
  4 endoplasms (D:1)
  A giant cockroach (D:1)
  5 goblins
  6 hobgoblins
  3 jackals (D:1)
  3 quokkas
  5 bats (D:1)
  2 frilled lizards (D:1)
  2 kobolds (D:1)
  2 rats (D:1)
36 creatures vanquished.

Vanquished Creatures (others)
  3 fungi (D:2)
  15 plants (D:2)
18 creatures vanquished.

Grand Total: 54 creatures vanquished

Notes
Turn   | Place    | Note
-------+----------+-------------------------------------------
     0 | D:1      | issech the Minotaur Hunter began the quest for the Orb.
     0 | D:1      | Reached XP level 1. HP: 18/18 MP: 0/0
   208 | D:1      | Reached XP level 2. HP: 25/25 MP: 1/1
   242 | D:1      | Reached skill level 5 in Crossbows
  1104 | D:2      | Reached XP level 3. HP: 25/30 MP: 2/2
  1122 | D:2      | Noticed Robin
  1145 | D:2      | Killed Robin
  1146 | D:2      | Reached skill level 1 in Axes
  1335 | D:2      | Noticed Sigmund
  1389 | D:2      | Slain by Sigmund

Illustrated notes

Levels and vault maps discovered:
D:1:      dpeg_chamrin_arrival_tetris, layout_loops_ring, serial_aquarium,
          aquarium_bridge_long_separate [aquarium_subvault_bridge,
          aquarium_subvault_wall, aquarium_subvault_bridge,
          aquarium_subvault_bridge, aquarium_subvault_wall,
          aquarium_subvault_window], aquarium_window_2, aquarium_window_2,
          aquarium_window_1, aquarium_view_2c, aquarium_pool_corner
D:2:      layout_loops_ring, shapermc_ecumenical_altar_hornbeckon, basic_altar,
          grunt_ministairs_11, uniq_sigmund, uniq_natasha, uniq_robin

Skill      XL: |  1  2  3 |
---------------+----------+-----
Crossbows      | 5 |  5.2
Fighting       | 3 |  3.0
Axes           | 1 |  1.4
Armour         | |  0.7
Dodging        | |  2.5
Stealth        | |  0.7

Action                   || total
-------------------------++-------
Melee: Hand axe          ||    69
       Headbutt          ||    12
       Punch             ||     1
 Fire: Hand crossbow     ||    13
Throw: Stone             ||     7
Armor: Chain mail        ||    30
       Leather armour    ||    10
Dodge: Dodged            ||    46
